 Dungeon Crawl Stone Soup version 0.21.1-1-g345015f (webtiles) character file.

647 suicidejoker the Covert (level 7, -1/67 HPs)
             Began as an Octopode Assassin on Apr 11, 2018.
             Slain by an orc wizard
             ... wielding a +0 dagger
              (2 damage)
             ... on level 4 of the Dungeon.
             The game lasted 00:15:46 (3521 turns).

suicidejoker the Covert (Octopode Assassin)         Turns: 3521, Time: 00:15:47

Health: -1/67      AC:  1    Str: 17    XL:     7   Next: 52%
Magic:  7/7        EV: 10    Int: 14    God:
Gold:   223        SH:  0    Dex: 13    Spells: 6/6 levels left

rFire    + . .     SeeInvis .   a - +2 dagger
rCold    + . .     Gourm    .   (no shield)
rNeg     + . .     Faith    .   (helmet restricted)
rPois    +         Spirit   .   (no amulet)
rElec    +         Reflect  .   g - ring of positive energy
rCorr    +         Harm     .   (no ring)
MR       .....                  (no ring)
Stlth    ..........             (no ring)
HPRegen  0.21/turn              (no ring)
MPRegen  0.10/turn              (no ring)
                                (no ring)
                                (no ring)

@: berserking, resistant, constricted, very quick
A: almost no armour, stealthy swim, amphibious, 8 rings, constrict 8, camouflage
1, gelatinous body 1
a: no special abilities


You were on level 4 of the Dungeon.
You were hungry.

You visited 1 branch of the dungeon, and saw 4 of its levels.

You collected 223 gold pieces.

Inventory:

Hand Weapons
 a - a +2 dagger (weapon)
 b - a +0 blowgun
 n - a +0 hunting sling
Missiles
 c - 17 poisoned needles
 d - 2 curare-tipped needles
 i - 45 arrows
 j - 63 stones (quivered)
 k - 40 sling bullets
Jewellery
 g - a ring of positive energy (left tentacle)
Wands
 v - a wand of polymorph (8)
 x - a wand of flame (2)
 y - a wand of clouds (3)
Scrolls
 e - a scroll of fear {unknown}
 s - 2 scrolls of immolation
Potions
 h - 2 potions of brilliance
 o - a potion of degeneration
 q - a potion of resistance
 w - a potion of might {unknown}
Comestibles
 f - 3 rations


   Skills:
 - Level 2.0 Fighting
 - Level 2.0 Short Blades
 - Level 2.0 Throwing
 - Level 1.0 Dodging
 + Level 12.1 Stealth


You had 6 spell levels left.
You didn't know any spells.

Dungeon Overview and Level Annotations

Branches:
Dungeon (4/15)
 Temple: D:4-7

Altars:
Xom

Shops:
D:4 *

Annotations:
D:3 Terence


Innate Abilities, Weirdness & Mutations

You cannot wear most types of armour.
You are very stealthy in the water. (Stealth+)
You are amphibious.
You can wear up to eight rings at the same time.
You can use your tentacles to constrict eight enemies at once.
Your skin changes colour to match your surroundings (Stealth+).
Your rubbery body absorbs attacks. (AC +1, EV +1)


Message History

You constrict the hound. The hound barely misses you.
The orc hits you with a hand axe.
* * * LOW HITPOINT WARNING * * *
The ball python closely misses you.
* * * LOW HITPOINT WARNING * * *
The ball python constricts you. The orc hits you with a hand axe.
* * * LOW HITPOINT WARNING * * *
The hound misses you.
The orc wizard hits you but does no damage.
A ball python comes into view.
A red film seems to cover your vision as you go berserk!
You feel yourself moving faster!
You feel mighty!
You constrict the hound.
You kill the hound!
The ball python hisses angrily.
The ball python misses you.
* * * LOW HITPOINT WARNING * * *
The ball python constricts you. The orc hits you with a hand axe.
* * * LOW HITPOINT WARNING * * *
The orc barely misses you. The orc wizard hits you with a dagger.
You die...

.# .# ##### .# ...###
.# ##########...###.##
#..........#.##...#####
#.########......o......
##.# #.####@o.#### ...#
...# #oS## #### #.###.
..S# # . ..#.. .... .##
#.## ## #.# #


You could see an orc wizard, 2 orcs and 2 ball pythons.

Vanquished Creatures
  Grinder (D:3)
  2 scorpions (D:4)
  A bullfrog zombie (D:4)
  2 orc priests (D:4)
  A hound (D:4)
  An orc wizard (D:4)
  3 worker ants
  A hound skeleton (D:4)
  3 gnolls (D:4)
  2 adders
  An ooze (D:3)
  4 worms (D:2)
  2 dart slugs
  5 leopard geckos
  7 orcs
  A ball python (D:2)
  2 bats
  2 giant cockroaches
  8 goblins
  7 hobgoblins
  3 kobolds
  3 frilled lizards
  4 rats
66 creatures vanquished.

Notes
Turn   | Place    | Note
-------+----------+-------------------------------------------
     0 | D:1      | suicidejoker the Octopode Assassin began the quest for the Orb.
     0 | D:1      | Reached XP level 1. HP: 14/14 MP: 1/1
   176 | D:1      | Reached skill level 6 in Stealth
   176 | D:1      | Reached XP level 2. HP: 19/19 MP: 2/2
  1020 | D:2      | Reached XP level 3. HP: 8/24 MP: 3/3
  1273 | D:2      | Reached skill level 7 in Stealth
  1538 | D:2      | Reached XP level 4. HP: 28/29 MP: 4/4
  1776 | D:3      | Noticed Terence
  1778 | D:3      | Noticed Grinder
  1788 | D:3      | Paralysed by Grinder for 3 turns
  1801 | D:3      | Paralysed by Grinder for 3 turns
  1803 | D:3      | HP: 1/29 [Grinder (2)]
  1880 | D:3      | Found a shimmering altar of Xom.
  1941 | D:3      | Reached skill level 8 in Stealth
  2474 | D:3      | Killed Grinder
  2474 | D:3      | Reached skill level 10 in Stealth
  2474 | D:3      | Reached XP level 5. HP: 29/34 MP: 5/5
  2474 | D:3      | Reached XP level 6. HP: 34/39 MP: 6/6
  2552 | D:4      | Reached skill level 11 in Stealth
  2683 | D:4      | Reached XP level 7. HP: 35/45 MP: 7/7
  3183 | D:4      | Found Ukul's Assorted Antiques.
  3514 | D:4      | Reached skill level 12 in Stealth
  3521 | D:4      | HP: 3/67 [ball python (1)]
  3521 | D:4      | HP: 1/67 [orc/hand axe (2)]
  3521 | D:4      | Slain by an orc wizard

Skill      XL: |  1  2  3  4  5  6  7 |
---------------+----------------------+-----
Stealth        | 6 7 10 11 12 | 12.1
Fighting       | |  2.0
Short Blades   | |  2.0
Throwing       | |  2.0
Dodging        | |  1.0

Action                   |  1- 3 |  4- 6 |  7- 9 || total
-------------------------+-------+-------+-------++-------
Melee: Dagger            |    54 |    52 |    40 ||   146
       Constrict         |    15 |    12 |    14 ||    41
       Tentacles         |     8 |    14 |    13 ||    35
Evoke: Wand              |       |     6 |       ||     6
  Use: Scroll            |     2 |     6 |     6 ||    14
       Potion            |       |     3 |     5 ||     8
 Stab: Sleeping          |    11 |     2 |     1 ||    14
       Distracted        |     1 |       |       ||     1
  Eat: Chunk             |     2 |       |     2 ||     4
       Ration            |       |     1 |       ||     1
Armor: Skin              |     3 |     3 |     3 ||     9
Dodge: Dodged            |    24 |    27 |    25 ||    76
